 Dungeon Crawl Stone Soup version 0.29.1-15-g9cfb28693d (webtiles) character file.

Game seed: 9731539029449330613

11373 growler the Martial Artist (level 11, -4/121 HPs)
             Began as a Yellow Draconian Transmuter on Feb 25, 2023.
             Was a Believer of Wu Jian.
             Slain by a manticore (14 damage)
             ... on level 11 of the Dungeon.
             The game lasted 00:30:00 (16175 turns).

growler the Martial Artist (DrTm)                  Turns: 16175, Time: 00:30:01

Health: -4/121     AC:  7    Str: 13    XL:     11   Next: 48%
Magic:  15/17      EV: 10    Int: 16    God:    Wu Jian [**....]
Gold:   619        SH:  0    Dex: 13    Spells: 8/18 levels left

rFire   x . .      SeeInvis .     - Unarmed
rCold   + + +      Faith    .   (shield currently unavailable)
rNeg    . . .      Spirit   .   (body armour unavailable)
rPois   +          Reflect  .   (helmet currently unavailable)
rElec   .          Harm     .   (cloak currently unavailable)
rCorr   .          Rampage  .   (gloves currently unavailable)
Will    .....                   (boots currently unavailable)
Stlth   ++........              (no amulet)
HPRegen 0.30/turn               r - ring of Eternal Night {Wiz Stlth+}
MPRegen 0.15/turn               y - ring of protection from cold

@: ice-form, spiked
A: freezing attack, amphibious, boosted hp, (spit acid), AC +7, large, unfitting
armour, (cold-blooded), (acid resistance)
a: End Transformation, Renounce Religion, Wall Jump


You were on level 11 of the Dungeon.
You worshipped Wu Jian.
Wu Jian was pleased with you.
You were a creature of crystalline ice.
You visited 2 branches of the dungeon, and saw 12 of its levels.

You collected 619 gold pieces.

Inventory:

Missiles
 j - 18 javelins
Armour
 v - a +2 pair of boots (melded)
 F - a +0 cloak
Jewellery
 r - the ring of Eternal Night (left front paw) {Wiz Stlth+}
   (You found it on level 3 of the Dungeon)

   [ring of wizardry]

   It improves your spell success rate.
   Stlth:     It makes you more stealthy.
 x - the ring "Ycry" {*Corrode Fly rN+++ Str+4}
   (You found it on level 5 of the Dungeon)

   [ring of flight]

   Str:       It affects your strength (+4).
   rN:        It renders you almost immune to negative energy.
   Fly:       It grants you flight.
   *Corrode:  It may corrode you when you take damage.
 y - a ring of protection from cold (right front paw)
Wands
 h - a wand of flame (38)
 s - a wand of paralysis (14)
Scrolls
 d - 2 scrolls of fog
 e - a scroll of amnesia
 i - 2 scrolls of enchant armour
 k - a scroll of teleportation
 l - 3 scrolls of vulnerability
 m - 2 scrolls of silence
 o - 2 scrolls of magic mapping
 p - 2 scrolls of blinking
 t - 4 scrolls of fear
 u - 3 scrolls of enchant weapon
 B - a scroll of torment
 C - 2 scrolls of brand weapon {unknown}
 D - a scroll of noise {unknown}
 I - a scroll of identify
 K - a scroll of acquirement {unknown}
Potions
 a - 2 potions of lignification
 c - 2 potions of flight
 f - 5 potions of curing
 g - a potion of might
 n - a potion of invisibility
 q - 2 potions of haste
 w - a potion of ambrosia
 z - 2 potions of brilliance
 E - a potion of attraction
 G - a potion of resistance {unknown}
 H - a potion of magic {unknown}
 J - 2 potions of cancellation {unknown}


   Skills:
 + Level 10.5 Fighting
 - Level 1.7 Dodging
 + Level 13.4 Unarmed Combat
 - Level 4.0 Spellcasting
 - Level 6.0 Transmutations
 - Level 5.0 Ice Magic


You had 8 spell levels left.
You knew the following spells:

 Your Spells              Type           Power      Damage    Failure   Level
a - Beastly Appendage     Tmut           44%        N/A       1%          1
b - Wereblood             Tmut           22%        N/A       1%          2
c - Spider Form           Tmut/Pois      12%        N/A       6%          3
d - Ice Form              Ice/Tmut       20%        N/A       7%          4

Your spell library contained the following spells:

 Spells                   Type           Power      Damage    Failure   Level
 Apportation              Tloc           6%         N/A       7%          1
 Necrotise                Necr           12%        1d4       7%          1
 Shock                    Conj/Air       12%        1d3       7%          1
 Summon Small Mammal      Summ           12%        N/A       7%          1
 Poisonous Vapours        Pois/Air       6%         N/A       11%         2
 Gell's Gravitas          Tloc           3%         N/A       21%         3
 Stone Arrow              Conj/Erth      6%         3d7       21%         3
 Swiftness                Air            3%         N/A       21%         3
 Teleport Other           Tloc           3%         N/A       21%         3
 Vampiric Draining        Necr           3%         2d6       21%         3
 Airstrike                Air            1%         2d(1-17)  52%         4
 Corpse Rot               Necr/Pois/Air  3%         N/A       52%         4
 Agony                    Necr           3%         N/A       86%         5
 Fireball                 Conj/Fire      1%         3d3       86%         5
 Iskenderun's Battlesphe  Conj           3%         2d6       86%         5
 Summon Forest            Summ/Tloc      1%         N/A       86%         5
 Eringya's Noxious Bog    Tmut/Pois      6%         N/A       95%         6
 Conjure Ball Lightning   Conj/Air       1%         3x3d6     100%        6
 Dispersal                Tloc           1%         N/A       100%        6
 Orb of Destruction       Conj           1%         9d5       100%        7
 Summon Hydra             Summ           1%         N/A       100%        7
 Lehudib's Crystal Spear  Conj/Erth      1%         10d2      100%        8
 Animate Armour           Summ/Erth      Unusable   N/A       N/A         4

Dungeon Overview and Level Annotations

Branches:
Dungeon (11/15)            Temple (1/1) D:7            Lair (0/5) D:9
    Orc (0/2) D:10

Altars:
Ashenzari
Cheibriados
Dithmenos
Elyvilon
Fedhas
Gozag
Hepliaklqana
Kikubaaqudgha
Makhleb
Nemelex Xobeh
Okawaru
Qazlal
Ru
Sif Muna
Trog
Uskayaw
Vehumet
Wu Jian
Xom
Yredelemnul
Zin
The Shining One

Shops:
D:2 =   D:5 *   D:6 !


Innate Abilities, Weirdness & Mutations

You are a creature of crystalline ice.
You have a powerful freezing melee attack.
You are amphibious.
Your maximum health is increased.
Your armour is entirely melded.
You are incapable of wielding weapons or throwing items.
((You can spit globs of acid.))
((Your golden yellow scales are hard. (AC +7)))
You cannot fit into any form of body armour.
((You are cold-blooded and may be slowed by cold attacks.))
((You are resistant to acid. (rCorr)))


Message History

The volley of spikes hits you!
The barbed spikes become lodged in your body.
Unknown command.
The barbs in your skin will harm you if you move.
Continue?
The barbed spikes dig painfully into your body as you move.
The manticore flicks its tail.
The volley of spikes misses you.
The barbed spikes dig painfully into your body as you move.
* * * LOW HITPOINT WARNING * * *
You lunge at the manticore.
You punch the manticore! You freeze the manticore.
The manticore is heavily wounded.
The manticore bites you!
* * * LOW HITPOINT WARNING * * *
The manticore closely misses you. The manticore claws you.
* * * LOW HITPOINT WARNING * * *
You barely miss the manticore.
The manticore is heavily wounded.
The manticore bites you.
* * * LOW HITPOINT WARNING * * *
The manticore claws you.
* * * LOW HITPOINT WARNING * * *
The manticore claws you.
* * * LOW HITPOINT WARNING * * *
You hit the manticore. You freeze the manticore.
The manticore is heavily wounded.
The manticore bites you.
* * * LOW HITPOINT WARNING * * *
The manticore claws you.
* * * LOW HITPOINT WARNING * * *
The manticore claws you but does no damage.
You feel much better. The manticore bites you!
* * * LOW HITPOINT WARNING * * *
The manticore claws you.
* * * LOW HITPOINT WARNING * * *
The manticore claws you.
* * * LOW HITPOINT WARNING * * *
You barely miss the manticore.
The manticore is heavily wounded.
The manticore bites you!
You die...

........#
........##.
.......# #..
......# #..
###..# #..#
#...## #..#
.....# ##..#
##...#
##....####
###..#
#....HY..###
#..#
....####....####
.## #..# .
####....### ..##
#..#
###....##....
#..# ###........
###...##..###
##......#...#
#.......#...##
##............#


You could see a manticore.

Vanquished Creatures
  2 two-headed ogres
  Urug (D:11)
  Pikel (D:4)
  A manticore (D:11)
  A cyclops (D:6)
  A gargoyle (D:11)
  2 kobold demonologists
  2 komodo dragons
  Grinder (D:6)
  8 yaks
  A vampire (D:11)
  Sigmund (D:6)
  A shadow (D:11)
  A wyvern (D:10)
  A wraith (D:11)
  Duvessa (D:6)
  A water moccasin (D:5)
  A black bear (D:5)
  8 orc warriors
  A sky beast (D:7)
  An ice beast (D:6)
  An ogre (D:5)
  A centaur (D:9)
  A lemure (D:4)
  A phantom (D:6)
  4 kobold brigands
  Blork the orc (D:6)
  3 bullfrogs
  A necrophage (D:6)
  A gnoll sergeant (D:6)
  4 scorpions
  14 wights
  Dowan (D:6)
  17 killer bees
  3 electric eels (D:10)
  A howler monkey (D:9)
  4 hounds
  6 orc priests (D:10)
  5 jellies
  A gnoll bouda (D:7)
  Jessica (D:2)
  2 iguanas
  9 orc wizards
  6 gnolls
  6 adders
  3 shadow imps
  A white imp (D:5)
  A worm (D:4)
  A dart slug (D:4)
  34 orcs
  8 ball pythons
  5 endoplasms
  3 giant cockroaches
  9 goblins
  8 hobgoblins
  8 jackals
  8 kobolds
  3 quokkas (D:1)
  4 bats
  3 frilled lizards
  5 rats
236 creatures vanquished.

Vanquished Creatures (others)
  3 plants (D:4)
3 creatures vanquished.

Grand Total: 239 creatures vanquished

Notes
Turn   | Place    | Note
-------+----------+-------------------------------------------
     0 | D:1      | growler the Draconian Transmuter began the quest for the
                  | Orb.
     0 | D:1      | Reached XP level 1. HP: 16/16 MP: 3/3
   113 | D:1      | Reached XP level 2. HP: 21/23 MP: 5/5
   417 | D:1      | You fall into a shaft and drop 1 floor!
   522 | D:2      | Reached XP level 3. HP: 23/28 MP: 6/6
  1072 | D:1      | Learned a level 2 spell: Wereblood
  1076 | D:1      | Learned a level 3 spell: Spider Form
  1153 | D:1      | Found a faded altar of an unknown god.
  1954 | D:2      | Found Sanlo Imu's Jewellery Emporium.
  1959 | D:2      | Noticed Jessica
  1964 | D:2      | Killed Jessica
  1965 | D:2      | Reached XP level 4. HP: 33/35 MP: 4/8
  2634 | D:3      | Identified the ring of Eternal Night {Wiz Stlth+}
  3371 | D:4      | Reached skill level 4 in Unarmed Combat
  3674 | D:4      | Reached XP level 5. HP: 40/40 MP: 9/9
  3719 | D:4      | Learned a level 4 spell: Ice Form
  3903 | D:4      | Noticed a lemure
  3944 | D:4      | Killed a lemure
  3946 | D:4      | Noticed Pikel
  3959 | D:4      | Noticed a lemure
  3961 | D:4      | Noticed a lemure
  3964 | D:4      | Killed Pikel
  3965 | D:4      | Reached skill level 7 in Unarmed Combat
  3965 | D:4      | Reached XP level 6. HP: 11/47 MP: 5/10
  3965 | D:4      | Your scales start taking on a golden yellow colour.
  3965 | D:4      | Reached XP level 7. HP: 12/52 MP: 5/11
  3965 | D:4      | Gained mutation: You are resistant to acid. (rCorr) [Yellow
                  | Draconian growth]
  4507 | D:5      | Entered Level 5 of the Dungeon
  4511 | D:5      | Found Gusen's General Store.
  4911 | D:5      | Reached skill level 8 in Unarmed Combat
  5048 | D:5      | Identified the ring "Ycry" {*Corrode Fly rN+++ Str+4}
  5969 | D:5      | Reached XP level 8. HP: 59/59 MP: 10/12
  6130 | D:5      | Reached skill level 9 in Unarmed Combat
  6206 | D:6      | Noticed Blork the orc
  6347 | D:6      | Noticed Sigmund
  6359 | D:6      | Killed Sigmund
  6488 | D:6      | Reached skill level 10 in Unarmed Combat
  6527 | D:6      | Noticed a cyclops
  6531 | D:6      | Reached skill level 1 in Ice Magic
  6713 | D:6      | Noticed Grinder
  6731 | D:6      | Killed Grinder
  6743 | D:6      | Reached XP level 9. HP: 35/68 MP: 11/14
  7099 | D:6      | Killed a cyclops
  7100 | D:6      | Reached skill level 5 in Transmutations
  7346 | D:6      | Noticed Duvessa
  7356 | D:6      | Killed Duvessa
  7366 | D:6      | Noticed Dowan
  7370 | D:6      | Killed Dowan
  7521 | D:6      | Found Iplam's Distillery.
  7551 | D:6      | Killed Blork the orc
  7741 | D:6      | Found a white marble altar of Elyvilon.
  7992 | D:7      | Found a radiant altar of Vehumet.
  8722 | D:7      | Found a staircase to the Ecumenical Temple.
  8747 | Temple   | Entered the Ecumenical Temple
  9048 | D:7      | Reached skill level 5 in Fighting
  9054 | D:7      | HP: 3/76 [wight/+4 spear (11)]
  9417 | D:7      | Found a broken altar of Ashenzari.
  9523 | D:7      | Reached skill level 11 in Unarmed Combat
 10021 | D:7      | Reached XP level 10. HP: 75/75 MP: 11/16
 10529 | D:8      | Found an ornate altar of the Wu Jian Council.
 10537 | D:8      | Became a worshipper of the Wu Jian Council
 10550 | D:8      | Found a bloodstained altar of Trog.
 10907 | D:8      | Noticed a two-headed ogre
 10915 | D:8      | Killed a two-headed ogre
 10916 | D:8      | Reached skill level 5 in Ice Magic
 11560 | D:9      | Found a staircase to the Lair.
 11617 | D:9      | HP: 5/100 [komodo dragon (19)]
 12562 | D:9      | Reached skill level 12 in Unarmed Combat
 12832 | D:10     | Entered Level 10 of the Dungeon
 13280 | D:10     | Noticed a two-headed ogre
 13291 | D:10     | Killed a two-headed ogre
 13291 | D:10     | Reached * piety under Wu Jian
 13351 | D:10     | Reached XP level 11. HP: 96/96 MP: 14/17
 13964 | D:10     | Found a staircase to the Orcish Mines.
 14078 | D:10     | Found a sparkling altar of Nemelex Xobeh.
 14079 | D:10     | Found a shimmering altar of Xom.
 14676 | D:11     | Reached skill level 13 in Unarmed Combat
 14823 | D:11     | Reached skill level 10 in Fighting
 14824 | D:11     | Reached ** piety under Wu Jian
 14855 | D:11     | Noticed Urug
 14874 | D:11     | Killed Urug
 15605 | D:11     | Noticed a red ugly thing
 15633 | D:11     | HP: 5/121 [killer bee (5)]
 16173 | D:11     | HP: 1/121 [manticore (6)]
 16175 | D:11     | Slain by a manticore

Illustrated notes

Levels and vault maps discovered:
D:1:      spicycebolla_arrival_clurvy, layout_loops_ring,
          nicolae_ecumenical_snake_handling, columned_hall_lemuel, hex_large,
          minmay_distorted
D:2:      layout_basic, serial_shops, shop, uniq_jessica
D:3:      layout_loops_ring
D:4:      layout_basic, minmay_misc_feat_ornament, serial_bayou_pond_b,
          uniq_pikel
D:5:      layout_cave_pods, serial_shops, shop
D:6:      cheibrodos_fzero, layout_loops_ring, marbit_many_paths, serial_shops,
          shop, amcnicky_mini_corridor_feature, minmay_crossroads, uniq_duvessa,
          uniq_blork_the_orc, uniq_sigmund, uniq_grinder
D:7:      layout_basic, nicolae_vehumet_altar_sigil,
          nicolae_ashenzari_panopticon, minmay_temple_entry_trees
D:8:      layout_loops_ring, overflow_temple_1_default,
          pdpol_wu_jian_five_deadly_venoms
D:9:      layout_basic, lair_entry_dummy
D:10:     layout_irregular_city, nicolae_overflow_hidden_temple, erik_orc_2
D:11:     layout_cave_pods, uniq_urug
Temple:   eino_wide_crystal_templ

Skill      XL: |  1  2  3  4  5  6  7  8  9 10 11 |
---------------+----------------------------------+-----
Transmutations | 3 4 6 |  6.0
Spellcasting   | 3 4 |  4.0
Unarmed Combat | 4 7 8 10 11 12 13 | 13.4
Ice Magic      | 2 4 5 |  5.0
Fighting       | 2 5 9 10 | 10.5
Dodging        | |  1.7

Action                   |  1- 3 |  4- 6 |  7- 9 | 10-12 || total
-------------------------+-------+-------+-------+-------++-------
Melee: Unarmed           |   147 |   101 |   284 |   262 ||   794
       Tailslap          |    13 |    11 |    17 |     4 ||    45
       Punch             |     4 |     3 |    14 |     5 ||    26
       Kick              |     4 |     2 |    11 |       ||    17
       Headbutt          |     2 |       |     5 |       ||     7
 Cast: Beastly Appendage |     2 |     1 |     7 |       ||    10
       Spider Form       |     1 |     3 |     6 |       ||    10
       Ice Form          |       |       |    10 |    28 ||    38
Invok: Lunge             |       |       |       |    23 ||    23
       Whirlwind         |       |       |       |    26 ||    26
 Abil: Breathe Acid      |       |       |    11 |     3 ||    14
Evoke: Wand              |       |       |       |     7 ||     7
  Use: Scroll            |       |     8 |     6 |    10 ||    24
       Potion            |       |       |     2 |     4 ||     6
 Stab: Sleeping          |       |     1 |     1 |     1 ||     3
       Distracted        |       |       |       |     1 ||     1
Armor: Skin              |    46 |    33 |    87 |    60 ||   226
Dodge: Dodged            |    97 |    64 |   141 |   123 ||   425
